 Dungeon Crawl Stone Soup version 0.20-a0-754-g13ddd6e (webtiles) character file.

46 nono the Chucker (level 3, -1/20 HPs)
             Began as a Vine Stalker Hunter on Feb 26, 2017.
             Slain by a jackal (2 damage)
             ... on level 2 of the Dungeon.
             The game lasted 00:02:38 (353 turns).

nono the Chucker (Vine Stalker Hunter)               Turns: 353, Time: 00:02:39

Health: -1/20      AC:  3    Str: 15    XL:     3   Next: 68%
Magic:  0/4        EV: 12    Int: 11    God:
Gold:   51         SH:  0    Dex: 14    Spells: 2/2 levels left

rFire    . . .     SeeInvis .   a - +0 short sword
rCold    . . .     Gourm    .   b - +0 leather armour
rNeg     . . .     Faith    .   (no shield)
rPois    .         Spirit   +   (no helmet)
rElec    .         Reflect  .   (no cloak)
rCorr    .         Harm     .   (no gloves)
MR       .....                  (no boots)
Stlth    ++........             (no amulet)
Regen    0.1/turn               (no ring)
MPRegen  0.1/turn               (no ring)

@: no status effects
A: fangs 2, magic shield, antimagic bite, no potion heal 3, rot immunity
a: no special abilities


You were on level 2 of the Dungeon.
You were not hungry.

You visited 1 branch of the dungeon, and saw 2 of its levels.

You collected 51 gold pieces.

Inventory:

Hand Weapons
 a - a +0 short sword (weapon)
Missiles
 c - 5 javelins (quivered)
 d - a throwing net
Armour
 b - a +0 leather armour (worn)
Scrolls
 e - a scroll of enchant armour {unknown}
 h - a scroll of identify {unknown}
 i - a scroll of random uselessness {unknown}
 j - a scroll of remove curse {unknown}
Potions
 g - a potion of curing {unknown}
 k - a potion of flight {unknown}
 l - a potion of agility {unknown}
Comestibles
 f - 2 bread rations


   Skills:
 + Level 3.5 Fighting
 - Level 3.6 Throwing
 - Level 1.5 Dodging
 - Level 1.2 Stealth


You had 2 spell levels left.
You didn't know any spells.

Dungeon Overview and Level Annotations

Branches:
Dungeon (2/15)

Altars:


Innate Abilities, Weirdness & Mutations

You have extremely sharp teeth.
When hurt, damage is shared between your health and your magic reserves.
Your bite disrupts and absorbs the magic of your enemies.
Potions cannot restore your health.
You are immune to rotting.


Message History

The jackal is moderately wounded.
The jackal bites you.
You closely miss the jackal.
The jackal is moderately wounded.
The jackal completely misses you. The jackal misses you.
You hit the jackal. You bite the jackal, but do no damage.
The jackal is heavily wounded.
The jackal bites you.
* * * LOW HITPOINT WARNING * * *
You hit the jackal but do no damage. Your bite misses the jackal.
The jackal is heavily wounded.
The jackal closely misses you.
The jackal bites you but does no damage.
You closely miss the jackal. Your bite misses the jackal.
The jackal is heavily wounded.
The jackal closely misses you.
You barely miss the jackal. Your bite misses the jackal.
The jackal is heavily wounded.
The jackal closely misses you. The jackal bites you.
You die...

#h##.# ....
#....###..# #
###.........# .
#...........#.#
#.##..####.##.#
#.....# ...#..#
#.[#..###.....#
#.[....##..#..#
#....#hh@.....#
######.##.....#
#..#.....#
##.#.###.#
#...###.#
##......#
#..###.######
#..# #.#....##
#
##.###†......#
.##


You could see 2 jackals.

Vanquished Creatures
  A gnoll (D:1)
  An adder (D:2)
  A worm (D:2)
  2 dart slugs
  A leopard gecko (D:2)
  2 giant cockroaches (D:1)
  2 hobgoblins
  2 jackals (D:2)
  2 frilled lizards (D:1)
  4 goblins
  A kobold (D:1)
19 creatures vanquished.

Notes
Turn   | Place    | Note
-------+----------+-------------------------------------------
     0 | D:1      | nono the Vine Stalker Hunter began the quest for the Orb.
     0 | D:1      | Reached XP level 1. HP: 11/11 MP: 2/2
    65 | D:1      | Reached XP level 2. HP: 10/16 MP: 3/3
   206 | D:2      | Reached XP level 3. HP: 9/20 MP: 2/4
   300 | D:2      | HP: 1/20 [worm (7)]
   344 | D:2      | HP: 1/20 [jackal (2)]
   350 | D:2      | HP: 1/20 [jackal (1)]
   353 | D:2      | Slain by a jackal

Vault maps used:
D:1:      erik_arrival_triangle_medium, hangedman_glass_teeth

Skill      XL: |  1  2 |
---------------+-------+-----
Fighting       | 2 3 |  3.5
Throwing       | |  3.6
Dodging        | |  1.5
Stealth        | |  1.2

Action                   || total
-------------------------++-------
Melee: Short sword       ||    66
       Bite              ||    17
Throw: Javelin           ||     9
       Throwing net      ||     1
 Stab: Sleeping          ||     1
Armor: Leather armour    ||    11
Dodge: Dodged            ||    35
